 Dungeon Crawl Stone Soup version 0.28.0 (webtiles) character file.

Game seed: 8902907891042766712

1093 trckry the Young Dragon (level 8, -6/64 HPs)
             Began as a Demonspawn Wanderer on Feb 12, 2022.
             Was a Priest of Wu Jian.
             Killed by nerve-wracking pain
             ... invoked by a shadow imp
             ... summoned by Eustachio
              (14 damage)
             ... on level 6 of the Dungeon.
             The game lasted 00:12:58 (7649 turns).

trckry the Young Dragon (Demonspawn Wanderer)       Turns: 7649, Time: 00:13:00

Health: -6/64      AC: 10    Str: 12      XL:     8   Next: 9%
Magic:  13/13      EV: 13    Int: 15      God:    Wu Jian [***...]
Gold:   243        SH:  0    Dex: 15 (16) Spells: 8/9 levels left

rFire   . . .      SeeInvis .   s - +0 war axe
rCold   . . .      Faith    .   (no shield)
rNeg    . . .      Spirit   .   c - +2 leather armour
rPois   .          Reflect  .   (helmet restricted)
rElec   .          Harm     .   d - +0 cloak
rCorr   .          Rampage  .   (no gloves)
Will    .....                   (no boots)
Stlth   +.........              (no amulet)
HPRegen 0.20/turn               g - +4 ring of protection
MPRegen 0.13/turn               r - ring of flight

@: flying
A: antennae 2, big brain 1
a: Renounce Religion, Wall Jump, Serpent's Lash


You were on level 6 of the Dungeon.
You worshipped Wu Jian.
Wu Jian was most pleased with you.
You visited 1 branch of the dungeon, and saw 6 of its levels.

You collected 243 gold pieces.

Inventory:

Hand Weapons
 n - a +0 hunting sling
 s - a +0 war axe (weapon)
Missiles
 q - 82 stones
 v - 3 poisoned darts (quivered)
 w - a throwing net
Armour
 c - a +2 leather armour (worn)
 d - a +0 cloak (worn)
Jewellery
 g - a +4 ring of protection (left hand)
 r - a ring of flight (right hand)
 y - a +6 ring of strength
Scrolls
 a - 4 scrolls of amnesia {unknown}
 e - 2 scrolls of fear {unknown}
 i - 2 scrolls of teleportation {unknown}
 j - a scroll of noise {unknown}
 l - 7 scrolls of identify {unknown}
 o - 2 scrolls of holy word {unknown}
 t - a scroll of fog {unknown}
 u - 2 scrolls of magic mapping {unknown}
 A - a scroll of enchant armour {unknown}
 B - a scroll of vulnerability {unknown}
Potions
 b - a potion of lignification
 f - 5 potions of degeneration {unknown}
 h - 3 potions of ambrosia {unknown}
 k - a potion of might {unknown}
 m - a potion of resistance
 p - a potion of invisibility {unknown}
 x - 2 potions of brilliance {unknown}
 z - a potion of cancellation {unknown}


   Skills:
 + Level 5.7 Fighting
 * Level 4.1 Axes
 - Level 1.0 Throwing
 - Level 1.0 Armour
 - Level 3.6 Dodging
 - Level 1.0 Spellcasting
 - Level 1.0 Translocations
 + Level 7.6 Invocations


You had 8 spell levels left.
You knew the following spells:

 Your Spells              Type           Power      Damage    Failure   Level
a - Apportation           Tloc           6%         N/A       21%         1

Your spell library contained the following spells:

 Spells                   Type           Power      Damage    Failure   Level
 Freeze                   Ice            0%         1d3       30%         1
 Teleport Other           Tloc           3%         N/A       52%         3
 Frozen Ramparts          Ice            0%         1d2       67%         3
 Hailstorm                Conj/Ice       0%         3d3       97%         4


Dungeon Overview and Level Annotations

Branches:
Dungeon (6/15)             Temple (0/1) D:4

Altars:
Wu Jian

Shops:
D:5 (

Annotations:
D:2 Terence
D:6 Eustachio


Innate Abilities, Weirdness & Mutations

You have a pair of antennae on your head.
You have an unusually large brain. (Int +2)


Message History

You barely miss the quasit. You completely miss the shadow imp.
The quasit bites you but does no damage.
The quasit claws you but does no damage. x2
The shadow imp completely misses you. The white imp barely misses you.
The quasit bites you but does no damage.
The quasit claws you but does no damage.
The quasit claws you.
* * * LOW HITPOINT WARNING * * *
Eustachio casts a spell.
Eustachio blinks!
The white imp gestures at you. The puff of frost hits you!
* * * LOW HITPOINT WARNING * * *
The shadow imp hits you but does no damage.
You barely miss the white imp.
The white imp is moderately wounded.
You closely miss the quasit.
You hit the shadow imp but do no damage.
The quasit bites you but does no damage.
The quasit claws you but does no damage.
The quasit completely misses you. The shadow imp misses you.
The white imp barely misses you. The quasit barely misses you.
The quasit misses you. The quasit barely misses you.
You barely miss the shadow imp.
The shadow imp is almost dead.
You hit the white imp. You miss the quasit. The quasit closely misses you. x2
The quasit barely misses you. The shadow imp barely misses you.
The white imp gestures at you. The puff of frost hits you.
* * * LOW HITPOINT WARNING * * *
You closely miss the shadow imp.
The shadow imp is almost dead.
You hit the white imp.
You kill the white imp!
The white imp disappears in a puff of smoke!
You hit the quasit. The quasit closely misses you.
The quasit claws you but does no damage. x2
The shadow imp gestures at you. Pain shoots through your body!
You die...

####.....#
##).{...###
#...####.#
#..###....#
..##...#..#
##.##....#.##
{
#..#....##.#
#5##...##..#
##@#...##..##
#5ยง#.###..#
#.l#.....#
#?.@..####
#.##### #.# {
... ...# ...#


You could see Eustachio (resistant), an iguana, a quasit (summoned) and a shadow
imp (summoned).

Vanquished Creatures
  2 black bears (D:5)
  An ogre (D:4)
  A centaur (D:5)
  3 howler monkeys (D:4)
  A centaur zombie (D:5)
  A bullfrog zombie (D:6)
  A hound (D:4)
  A jelly (D:5)
  2 orc priests (D:4)
  Natasha (thrice) (D:3)
  An iguana (D:5)
  An orc wizard (D:3)
  A hound skeleton (D:4)
  A howler monkey zombie (D:6)
  3 adders
  14 gnolls
  An ufetubus (D:5)
  An adder skeleton (D:4)
  A worm (D:2)
  3 dart slugs (D:2)
  30 orcs
  3 ball pythons
  5 endoplasms
  2 giant cockroaches
  3 goblins
  3 hobgoblins
  12 jackals
  9 kobolds
  2 quokkas (D:1)
  6 bats
  A quokka skeleton (D:4)
  A quokka zombie (D:4)
  7 rats
127 creatures vanquished.

Vanquished Creatures (others)
  A fungus (D:4)
  5 plants (D:4)
6 creatures vanquished.

Grand Total: 133 creatures vanquished

Notes
Turn   | Place    | Note
-------+----------+-------------------------------------------
     0 | D:1      | trckry the Demonspawn Wanderer began the quest for the Orb.
     0 | D:1      | trckry set off with the following items: a +0 dagger, a
                  | potion of lignification, a +2 leather armour; and the
                  | following spell memorised: Apportation; and the following
                  | spells available to memorise: Teleport Other
     0 | D:1      | Reached XP level 1. HP: 15/15 MP: 2/2
   154 | D:1      | Found a faded altar of an unknown god.
   178 | D:1      | Prayed at the altar of an unknown god.
   178 | D:1      | Became a worshipper of the Wu Jian Council
   178 | D:1      | Reached * piety under Wu Jian
   718 | D:1      | Reached skill level 2 in Invocations
   792 | D:1      | Gained mutation: You have a pair of small antennae on your
                  | head. [demonic ancestry]
   792 | D:1      | Reached XP level 2. HP: 21/21 MP: 3/3
  2144 | D:2      | Reached XP level 3. HP: 27/27 MP: 5/5
  2169 | D:2      | Noticed Terence
  2223 | D:2      | Reached skill level 3 in Invocations
  2406 | D:2      | Reached ** piety under Wu Jian
  2848 | D:3      | Gained mutation: You have a pair of antennae on your head.
                  | [demonic ancestry]
  2848 | D:3      | Reached XP level 4. HP: 12/34 MP: 6/6
  3200 | D:3      | Noticed Natasha
  3209 | D:3      | Reached skill level 4 in Invocations
  3212 | D:3      | Killed Natasha
  3489 | D:3      | Noticed Natasha
  3496 | D:3      | Killed Natasha
  3497 | D:3      | Reached XP level 5. HP: 39/41 MP: 8/8
  3508 | D:3      | Noticed Natasha
  3515 | D:3      | Killed Natasha
  3794 | D:4      | Found a staircase to the Ecumenical Temple.
  3952 | D:4      | Reached skill level 5 in Invocations
  4253 | D:4      | Reached XP level 6. HP: 16/49 MP: 10/10
  4268 | D:4      | Reached skill level 6 in Invocations
  4891 | D:4      | Reached skill level 1 in Axes
  5271 | D:4      | Gained mutation: You have an unusually large brain. (Int
                  | +2) [demonic ancestry]
  5271 | D:4      | Reached XP level 7. HP: 48/55 MP: 11/11
  5527 | D:4      | Reached skill level 5 in Fighting
  5785 | D:4      | Reached *** piety under Wu Jian
  6502 | D:5      | Entered Level 5 of the Dungeon
  6514 | D:5      | Reached skill level 7 in Invocations
  6886 | D:5      | Found Dysup's Antique Weapon Boutique.
  7224 | D:5      | Reached XP level 8. HP: 44/64 MP: 13/13
  7633 | D:6      | Noticed Eustachio
  7648 | D:6      | HP: 8/64 [white imp/puff of frost[Eustachio] (5)]
  7649 | D:6      | Killed from afar by a shadow imp

Illustrated notes

Levels and vault maps discovered:
D:1:      erik_arrival_triangle_large, layout_loops_ring,
          chequers_ecumenical_altar_simple
D:2:      layout_loops_ring, minmay_pentomino_v2, uniq_terence
D:3:      layout_basic, serial_bayou_pond_c, uniq_natasha
D:4:      lemuel_castle_with_subvaults [lemuel_castle_interior_original],
          layout_basic, minmay_temple_entry_glass, dk_noncrumbling_3
D:5:      layout_cave_pools, serial_shops, nicolae_shop_waterfront
D:6:      minmay_evil_eye, layout_basic, uniq_edmund, uniq_eustachio

Skill      XL: |  1  2  3  4  5  6  7  8 |
---------------+-------------------------+-----
Invocations    | 2 3 4 5 6 7 |  7.6
Fighting       | 2 3 4 5 |  5.7
Axes           | 1 3 4 |  4.1
Throwing       | |  1.0
Armour         | |  1.0
Dodging        | |  3.6
Spellcasting   | |  1.0
Translocations | |  1.0

Action                   |  1- 3 |  4- 6 |  7- 9 || total
-------------------------+-------+-------+-------++-------
Melee: Dagger            |   249 |       |       ||   249
       Punch             |     5 |     3 |     3 ||    11
       Short sword       |    41 |       |       ||    41
       War axe           |     4 |   183 |   209 ||   396
Throw: Dart              |       |     2 |     2 ||     4
Invok: Lunge             |    16 |     6 |     9 ||    31
       Whirlwind         |       |     6 |    10 ||    16
 Stab: Sleeping          |     3 |       |     1 ||     4
Armor: Leather armour    |   120 |    99 |   124 ||   343
Dodge: Dodged            |   158 |   176 |   192 ||   526
